 Dungeon Crawl Stone Soup version 0.15.2 (webtiles) character file.

93800 zordkkahn the Harbinger of Death (level 15, -12/119 HPs)
             Began as a Demonspawn Death Knight on Nov 15, 2014.
             Was a High Priest of Yredelemnul.
             Mangled by a profane servitor
             ... wielding a +3 whip
             ... created by the player character
              (16 damage)
             ... on Level 15 of the Dungeon on Dec 18, 2014.
             The game lasted 05:16:30 (48912 turns).

zordkkahn the Harbinger of Death (DsDK)            Turns: 48912, Time: 05:16:31

HP -12/119       AC 21     Str 24      XL: 15   Next: 61%
MP  35/42        EV 13     Int 29      God: Yredelemnul [*****.]
Gold 928         SH  4     Dex 12      Spells:  3 memorised, 18 levels left

rFire  + + .     SeeInvis .     a - +5 demon trident (drain)
rCold  . . .     Clarity  .     B - +3 leather armour {rF+}
rNeg   . . .     rCorr    .     (no shield)
rPois  +         rRot     .     E - +3 hat of Pondering {ponderous, MR+ MP+10 Int+5}
rElec  .         Spirit   .     m - +1 cloak "Ituna" {Int+4}
SustAb .         Warding  .     q - +2 pair of gloves
rMut   .         Stasis   .     F - +0 pair of boots of the Forest {Stlth+}
Gourm  .                        o - amulet of faith
MR     ++...                    P - ring of Ublefius {rPois Str+3 Int+1}
                                s - +3 ring of slaying

@: brilliant, wreathed by umbra, drained, slow, very resistant to hostile
enchantments, quite stealthy
A: talons 1, large bone plates 3, clever 1, fire resistance 1, spiny 2
a: Animate Dead, Recall Undead Slaves, Injury Mirror, Drain Life, Enslave Soul,
Renounce Religion


You were on level 15 of the Dungeon.
You worshipped Yredelemnul.
Yredelemnul was extremely pleased with you.
You were not hungry.

You visited 5 branches of the dungeon, and saw 26 of its levels.

You collected 1786 gold pieces.
You spent 858 gold pieces at shops.

Inventory:

Hand weapons
 a - a +5 demon trident of draining (weapon)
 b - a +2 hunting sling of freezing
 v - a +4 spear of flaming
 D - a +2 scimitar of protection
Missiles
 e - 8 sling bullets of frost
 f - 6 tomahawks (quivered)
 z - 13 sling bullets
Armour
 m - the +1 cloak "Ituna" (worn) {Int+4}
   (You found it on level 8 of the Lair of Beasts)

   It affects your intelligence (+4).
 q - a +2 pair of gloves (worn)
 B - a +3 leather armour of fire resistance (worn)
 E - the +3 hat of Pondering (worn) {ponderous, MR+ MP+10 Int+5}
   (You found it on level 6 of the Lair of Beasts)

   It affects your intelligence (+5).
   It affects your resistance to hostile enchantments.
   It affects your magic capacity (+10).
 F - the +0 pair of boots of the Forest (worn) {Stlth+}
   (You found it on level 7 of the Dungeon)

   It makes you more stealthy.
Magical devices
 l - a wand of teleportation (2)
 t - a wand of disintegration (0)
 H - a wand of digging (0)
 I - a wand of slowing (12)
 K - a wand of teleportation (4)
 M - a wand of polymorph (11)
 W - a wand of enslavement (7)
 X - a wand of random effects (8)
 Y - a wand of polymorph (17)
Comestibles
 c - 13 bread rations
 u - 6 meat rations
 G - 2 beef jerkies
Scrolls
 d - 6 scrolls of teleportation
 k - 3 scrolls of remove curse
 w - 2 scrolls of identify
 A - 2 scrolls of fog
 N - 2 scrolls of fear
 O - 2 scrolls of enchant armour
 S - a scroll of brand weapon
 T - a scroll of magic mapping
 V - 3 scrolls of blinking
Jewellery
 i - an uncursed amulet of resist mutation
 j - an uncursed ring of magical power
 n - an uncursed ring of ice
 o - an amulet of faith (around neck)
 s - a +3 ring of slaying (left hand)
 y - an uncursed ring of magical power
 C - a +4 ring of evasion
 P - the ring of Ublefius (right hand) {rPois Str+3 Int+1}
   (You found it on level 2 of the Lair of Beasts)

   [ring of intelligence]

   It affects your strength (+3).
   It affects your intelligence (+1).
   It protects you from poison.
 Z - a +3 ring of strength {unknown}
Potions
 h - a potion of berserk rage
 r - 2 potions of flight
 x - a potion of blood
 L - a potion of might
 Q - a potion of invisibility
Miscellaneous
 p - a stone of tremors (inert)


   Skills:
 * Level 11.4(10.3) Fighting
 + Level 8.6(7.6) Polearms
 - Level 2.0(5.0) Slings
 - Level 8.9(8.0) Throwing
 + Level 11.2(10.1) Armour
 - Level 4.8(3.9) Dodging
 - Level 4.6(3.7) Stealth
   Level 0.1(0.0) Shields
 + Level 5.2(4.3) Spellcasting
 + Level 2.6(1.8) Conjurations
 + Level 2.7(1.9) Summonings
 + Level 4.2(3.4) Translocations
 * Level 4.6(3.7) Air Magic
 * Level 5.0(4.1) Poison Magic
 - Level 16.1(14.9) Invocations
 - Level 5.7(4.8) Evocations


You had 18 spell levels left.
You knew the following spells:

 Your Spells              Type           Power        Failure   Level  Hunger
a - Summon Butterflies    Summ           ####....     1%          1    None
b - Blink                 Tloc           N/A          1%          2    None
c - Mephitic Cloud        Conj/Pois/Air  #####...     1%          3    ##.....


Dungeon Overview and Level Annotations

Branches:
Dungeon (15/15)            Temple (1/1) D:6             Orc (0/4) D:9
   Lair (8/8) D:9          Shoals (1/5) Lair:4       Spider (0/5) Lair:6
  Slime (0/6) Lair:6       Vaults (0/5) D:13         Depths (1/5) D:15

Altars:
Ashenzari
Cheibriados
Dithmenos
Elyvilon
Fedhas
Kikubaaqudgha
Nemelex Xobeh
Okawaru
Qazlal
Sif Muna
Trog
Xom
Yredelemnul
Zin

Shops:
D:13 %%[*   Shoals:1 (

Annotations:
Lair:8 exclusion: oklob plant


Innate Abilities, Weirdness & Mutations

You have sharp toenails.
You are completely covered in large bone plates (AC +4, SH +4).
Your flesh is heat resistant.
You are mostly covered in sharp spines.
Your mind is acute. (Int +2)


Message History

The profane servitor hits you with a glowing whip!
* * * LOW HITPOINT WARNING * * *
The profane servitor draws strength from your injuries!
The profane servitor barely misses you.
Your ugly thing zombie hits the withered plant but does no damage.
Your vampire mosquito zombie misses the profane servitor.
Use which ability? (? or * to list)
You draw life from your surroundings.
You feel somewhat more hungry.
Your vampire mosquito zombie barely misses the profane servitor.
The profane servitor hits you but does no damage. x2
Your flayed ghost hits the profane servitor.
Your ghoul closely misses the profane servitor.
Your ghoul misses the profane servitor.
Your vampire mosquito zombie bites the profane servitor but does no damage.
You miss the profane servitor.
The profane servitor is moderately damaged.
The profane servitor hits you with a glowing whip!
You die...
Your body rises from the dead as a mindless zombie.

Z.# #.......).))# ..#
##.##.)#####.# Z##
##.......).##.# ##
##.8.8.8[)...#.#
##########..............#
.AZZ.Z...#P..........P..#
########.#.....Z)....8....
#......88A8..8...#
#....8.8P@P.......
#.#...8.ZWAn.8....
#.#......Z8.P..8.. #
..#.P............. #
#.##............... # #.
##8...8......##.# #
#.####.....88..###.#
##....####..##### #.#
##.<.##.###.###### #.#


You could see a profane servitor, a friendly profane servitor, a friendly ghoul,
a friendly flayed ghost, a friendly vampire mosquito zombie, a friendly ugly
thing zombie and a friendly human zombie.

Vanquished Creatures
  Snorg (Lair:6)
  A merfolk javelineer (Shoals:1)
  A vault guard (D:13)
  Fannar (Lair:1)
  4 hydras
  4 centaur warriors
  A tengu warrior (D:11)
  A vampire mage (D:15)
  9 death yaks
  A catoblepas (Lair:8)
  2 sea snakes (Shoals:1)
  An unseen horror (D:10)
  2 skeletal warriors (D:11)
  2 fire crabs
  3 hill giants
  A wolf spider (Lair:6)
  6 harpies (Shoals:1)
  2 cyclopes
  2 ugly things
  A griffon (Lair:7)
  2 ravens (D:12)
  A sixfirhy (D:14)
  2 fauns (Shoals:1)
  2 manticores
  Joseph (D:7)
  3 black mambas
  A death yak zombie (Lair:7)
  6 komodo dragons
  A kobold demonologist (D:12)
  7 spiny frogs
  3 fire drakes
  6 wolves
  A freezing wraith (D:14)
  5 merfolk (Shoals:1)
  A two-headed ogre (D:12)
  11 blink frogs
  A merfolk zombie (Shoals:1)
  2 shadows
  A spriggan (D:7)
  2 vampire mosquitoes (D:15)
  Eustachio (D:7)
  A deep elf mage (D:15)
  2 hungry ghosts
  23 yaks
  10 hippogriffs
  A deep elf fighter (D:14)
  Edmund (D:9)
  Menkaure (D:6)
  10 water moccasins
  A mottled dragon (D:10)
  A soldier ant (D:14)
  6 ice beasts
  10 orc warriors
  6 porcupines
  A spider (D:11)
  4 black bears
  A phantom (D:11)
  A sky beast (D:7)
  3 ogres
  17 big kobolds
  A boring beetle (Lair:8)
  13 centaurs
  A brain worm (Lair:8)
  7 crocodiles
  16 giant frogs
  Blork the orc (D:6)
  A komodo dragon zombie (Lair:7)
  A hippogriff zombie (D:10)
  2 scorpions
  A troll zombie (D:12)
  2 wights
  10 killer bees
  3 electric eels (Lair:6)
  5 jellies
  A tengu skeleton (D:15)
  5 goliath beetles
  3 crimson imps
  8 hounds
  A centaur zombie (D:7)
  8 orc priests
  Crazy Yiuf (D:6)
  A giant frog zombie (D:13)
  3 centaur skeletons
  7 orc wizards
  3 quasits
  12 iguanas
  5 worker ants
  16 sheep
  A big kobold zombie (D:15)
  A mottled dragon skeleton (D:15)
  A hound skeleton (D:4)
  A gnoll zombie (D:5)
  33 green rats
  A worker ant zombie (D:14)
  21 adders
  4 shadow imps
  5 worms
  An adder zombie (D:6)
  An orc zombie (D:6)
  An adder skeleton (D:4)
  An ooze (D:3)
  44 orcs
  6 giant cockroaches
  11 goblins
  18 hobgoblins
  8 quokkas
  2 ball pythons
  11 bats
  5 giant geckos
  4 giant newts
  A giant spore (D:15)
  A green rat zombie (Lair:7)
  22 kobolds
  3 kobold skeletons
  An orc skeleton (D:6)
  A quokka skeleton (D:7)
  10 rats
  9 ballistomycetes (D:11)
  A butterfly (D:15)
  4 fungi
  6 plants
584 creatures vanquished.

Vanquished Creatures (collateral kills)
  Rupert (D:14)
  2 very ugly things (Depths:1)
  A mottled draconian (Lair:8)
  3 vault guards (D:13)
  2 merfolk impalers (Shoals:1)
  The ghost of Kite the Sculptor of Flesh, a powerful MiDK of Yredelemnul (D:11)
  Harold (Lair:3)
  2 hydras
  Erica (Lair:2)
  A centaur warrior (D:11)
  6 death yaks
  A deep troll shaman (Depths:1)
  A titan zombie (D:15)
  An iron troll (Depths:1)
  A catoblepas (Lair:8)
  5 harpies (Shoals:1)
  9 skeletal warriors
  2 sea snakes (Shoals:1)
  An unseen horror (D:15)
  A flayed ghost (D:15)
  2 hill giants
  A deep troll (Depths:1)
  An orb spider (shapeshifter) (D:14)
  6 spiny frogs
  A necromancer (D:15)
  A manticore (D:11)
  A shadow dragon skeleton (D:15)
  A lindwurm (Lair:6)
  4 griffons
  2 water nymphs (Shoals:1)
  2 fauns (Shoals:1)
  17 ugly things
  A centaur zombie (D:15)
  2 cyclopes
  A mermaid (Shoals:1)
  5 elephants (Lair:5)
  2 torpor snails
  A centaur skeleton (D:15)
  5 black mambas
  11 komodo dragons
  3 kobold demonologists
  3 yaktaurs
  An efreet (D:13)
  A tengu conjurer (D:13)
  A death yak skeleton (Lair:7)
  3 fire drakes
  4 trolls
  7 merfolk (Shoals:1)
  A wandering mushroom (Lair:7)
  2 jumping spiders
  Prince Ribbit (D:7)
  A raven (D:11)
  4 snapping turtles (Shoals:1)
  An ice dragon zombie (D:15)
  A shadow (D:12)
  17 blink frogs
  An ettin zombie (D:15)
  A basilisk (Lair:6)
  A water elemental (Shoals:1)
  23 yaks
  6 wyverns
  A trapdoor spider (D:12)
  5 hippogriffs
  2 deep elf magi
  A vampire mosquito (D:15)
  A wraith (D:15)
  3 deep elf fighters (D:14)
  A hill giant skeleton (D:11)
  4 hungry ghosts
  15 wolves
  5 water moccasins
  4 orc warriors
  9 porcupines
  A faun skeleton (Shoals:1)
  A human skeleton (D:13)
  2 ogres
  A necrophage (D:13)
  2 spiders
  A black bear (D:13)
  3 sky beasts
  2 ice beasts
  4 crocodiles
  4 big kobolds
  9 centaurs
  8 giant frogs
  A brain worm (D:13)
  A cyclops zombie (Shoals:1)
  12 killer bees
  3 wights (D:11)
  An electric eel (Lair:6)
  2 crimson imps
  3 jellies
  A quasit (D:7)
  2 iguanas
  3 hounds
  8 orc priests
  4 orc wizards
  An elf skeleton (D:10)
  26 sheep
  4 worker ants
  A mottled dragon skeleton (D:14)
  A mummy (D:11)
  7 adders
  3 gnolls (D:4)
  50 green rats
  3 shadow imps
  A worm (D:4)
  2 oozes (D:7)
  24 orcs
  3 goblins
  A hobgoblin (D:1)
  2 quokkas
  3 bats
  2 giant newts
  8 kobolds
  4 rats
  5 ballistomycetes (D:11)
  A bush (Lair:8)
  2 butterflies (Lair:7)
  14 fungi
  11 plants
502 creatures vanquished.

Vanquished Creatures (others)
  2 death cobs (D:11)
  2 skeletal warriors
  5 flayed ghosts
  A phantasmal warrior (Lair:7)
  A mottled draconian zombie (Lair:8)
  5 death yak zombies (Lair:8)
  2 sea snake zombies (Shoals:1)
  4 harpy zombies (Shoals:1)
  2 hydra zombies
  A catoblepas zombie (Lair:8)
  2 griffon zombies (Lair:7)
  7 flying skulls
  3 wraiths
  A vampire (Lair:7)
  3 black mamba zombies
  6 merfolk zombies (Shoals:1)
  A water nymph zombie (Shoals:1)
  A faun zombie (Shoals:1)
  3 spiny frog zombies
  10 blink frog zombies
  2 earth elementals
  A crocodile (D:13)
  3 fire drake zombies
  A yaktaur zombie (Depths:1)
  A fire crab zombie (Lair:3)
  3 komodo dragon zombies
  A spider zombie (Lair:6)
  2 cyclops zombies
  3 wyvern zombies
  3 water moccasin zombies (Lair:8)
  12 yak zombies
  A killer bee (D:13)
  A tengu zombie (D:13)
  3 hippogriff zombies
  A yak skeleton (Lair:2)
  11 wolf zombies
  A basilisk zombie (Lair:6)
  2 black bear zombies
  3 giant frog zombies
  A soldier ant zombie (D:14)
  3 wights
  7 centaur zombies
  A two-headed ogre zombie (D:12)
  3 porcupine zombies
  10 big kobold zombies
  3 killer bee zombies
  5 crocodile zombies
  2 sky beast zombies
  2 ogre zombies
  A hound zombie (D:10)
  A worker ant zombie (D:10)
  A hound skeleton (D:7)
  A scorpion zombie (D:7)
  A goliath beetle zombie (D:11)
  An electric eel zombie (Lair:6)
  5 iguana zombies
  17 sheep zombies
  7 adder zombies
  4 bat zombies
  25 green rat zombies
  3 giant cockroach zombies
  A giant gecko skeleton (D:6)
  3 giant gecko zombies
  A giant newt zombie (D:5)
  5 giant spores (D:11)
  6 goblin zombies
  6 hobgoblin zombies
  13 kobold zombies
  An orc skeleton (D:6)
  38 orc zombies
  2 quokka zombies
  A ballistomycete (D:11)
  13 butterflies
  32 fungi
  11 plants
354 creatures vanquished.

Grand Total: 1440 creatures vanquished

Notes
Turn   | Place    | Note
--------------------------------------------------------------
     0 | D:1      | zordkkahn, the Demonspawn Death Knight, began the quest for the Orb.
     0 | D:1      | Reached XP level 1. HP: 16/16 MP: 2/2
    40 | D:1      | Found a shimmering altar of Xom.
    42 | D:1      | Found a shimmering altar of Xom.
    43 | D:1      | Found a shimmering altar of Xom.
    43 | D:1      | Found a shimmering altar of Xom.
    43 | D:1      | Found a shimmering altar of Xom.
    86 | D:1      | Reached skill level 4 in Invocations
   220 | D:1      | Reached skill level 1 in Dodging
   289 | D:1      | Gained mutation: Your flesh is heat resistant. [demonic ancestry]
   289 | D:1      | Reached XP level 2. HP: 22/22 MP: 4/4
   883 | D:2      | Acquired Yredelemnul's second power
   883 | D:2      | Reached skill level 1 in Armour
   987 | D:2      | Reached XP level 3. HP: 23/27 MP: 6/6
  2091 | D:3      | Reached skill level 1 in Throwing
  2470 | D:3      | Reached XP level 4. HP: 33/33 MP: 7/7
  3746 | D:4      | Found a stormy altar of Qazlal.
  3756 | D:4      | Found a deep blue altar of Sif Muna.
  4255 | D:4      | Reached XP level 5. HP: 39/39 MP: 7/9
  4522 | D:4      | Reached skill level 5 in Invocations
  5037 | D:5      | Entered Level 5 of the Dungeon
  5516 | D:4      | Reached XP level 6. HP: 44/46 MP: 11/11
  5946 | D:5      | Noticed a centaur
  5953 | D:5      | Killed a centaur
  5988 | D:5      | Noticed an ogre
  5994 | D:5      | Killed an ogre
  6048 | D:5      | Acquired Yredelemnul's third power
  6610 | D:6      | Gained mutation: You have sharp toenails. [demonic ancestry]
  6610 | D:6      | Reached XP level 7. HP: 46/52 MP: 14/14
  7139 | D:6      | Found a staircase to the Ecumenical Temple.
  7328 | D:6      | Noticed Menkaure
  7345 | D:5      | Reached skill level 6 in Invocations
  7530 | D:6      | Noticed Crazy Yiuf
  7536 | D:6      | Killed Crazy Yiuf
  7688 | D:6      | Killed Menkaure
  7688 | D:6      | Reached skill level 1 in Stealth
  8003 | D:6      | Noticed Blork the orc
  8023 | D:6      | Killed Blork the orc
  8188 | D:6      | Reached XP level 8. HP: 55/60 MP: 17/17
  8883 | D:6      | Identified a scroll of acquirement
  8887 | D:7      | Noticed Prince Ribbit
  9276 | D:6      | Reached skill level 5 in Throwing
  9946 | D:7      | Noticed Joseph
  9979 | D:7      | Killed Joseph
  9979 | D:7      | Reached skill level 5 in Armour
  9979 | D:7      | Reached skill level 7 in Invocations
  9979 | D:7      | Gained mutation: You are partially covered in large bone plates (AC +2, SH +2). [demonic ancestry]
  9979 | D:7      | Reached XP level 9. HP: 66/66 MP: 17/19
 10445 | D:7      | Killed Prince Ribbit
 10631 | D:7      | Found a snail-covered altar of Cheibriados.
 10874 | D:7      | Reached skill level 1 in Evocations
 10898 | D:7      | Reached skill level 5 in Fighting
 10919 | D:7      | Got a jewelled greatsling
 10999 | D:7      | Noticed Eustachio
 11009 | D:7      | Killed Eustachio
 11009 | D:7      | Reached skill level 8 in Invocations
 11770 | D:8      | Received a gift from Yredelemnul
 11880 | D:8      | Found a blossoming altar of Fedhas.
 12759 | D:8      | Found a bloodstained altar of Trog.
 12794 | D:8      | Gained mutation: You are mostly covered in large bone plates (AC +3, SH +3). [demonic ancestry]
 12794 | D:8      | Reached XP level 10. HP: 65/74 MP: 22/22
 13163 | Temple   | Entered the Ecumenical Temple
 13263 | D:9      | Found a shadowy altar of Dithmenos.
 13263 | D:9      | Found a sparkling altar of Nemelex Xobeh.
 13331 | D:9      | Acquired Yredelemnul's fourth power
 13334 | D:9      | Received a gift from Yredelemnul
 13411 | D:9      | Reached skill level 9 in Invocations
 13734 | D:9      | Noticed Edmund
 13749 | D:9      | Killed Edmund
 14035 | D:9      | Received a gift from Yredelemnul
 14198 | D:9      | Reached skill level 10 in Invocations
 14274 | D:9      | Found a staircase to the Orcish Mines.
 14334 | D:9      | Found a staircase to the Lair.
 14558 | Lair:1   | Entered Level 1 of the Lair of Beasts
 14596 | Lair:1   | Noticed a six-headed hydra
 14624 | D:9      | Killed a six-headed hydra
 14916 | Lair:1   | Noticed Fannar
 14941 | Lair:1   | Killed Fannar
 15162 | Lair:1   | Noticed a four-headed hydra
 15174 | Lair:1   | Killed a four-headed hydra
 15221 | Lair:1   | Found a frozen archway.
 15416 | Lair:1   | Reached XP level 11. HP: 83/83 MP: 25/25
 16458 | Lair:2   | Got a heavily runed turquoise ring
 16481 | Lair:2   | Reached skill level 11 in Invocations
 16784 | Lair:2   | Received a gift from Yredelemnul
 16917 | Lair:2   | Reached skill level 1 in Slings
 17071 | Lair:2   | Noticed Erica
 17082 | Lair:2   | Killed Erica
 17922 | Lair:3   | Noticed a fire crab
 17937 | Lair:3   | Killed a fire crab
 18573 | Lair:3   | Reached skill level 12 in Invocations
 18714 | Lair:3   | Reached skill level 5 in Polearms
 18906 | Lair:3   | Noticed an eight-headed hydra
 18915 | Lair:3   | Killed an eight-headed hydra
 19009 | Lair:3   | Gained mutation: You are partially covered in sharp spines. [demonic ancestry]
 19009 | Lair:3   | Reached XP level 12. HP: 72/91 MP: 25/27
 19753 | Lair:4   | Got a bronze chain mail
 19927 | Lair:4   | Noticed Harold
 19953 | Lair:3   | Killed Harold
 20054 | Lair:4   | Acquired Yredelemnul's fifth power
 20110 | Lair:4   | Found a staircase to the Shoals.
 20677 | Lair:4   | Identified the cursed -3 chain mail of the Orb Guardian {rPois} (You found it on level 4 of the Lair of Beasts)
 21424 | Lair:5   | Received a gift from Yredelemnul
 21798 | Lair:5   | Noticed a six-headed hydra
 21803 | Lair:5   | Killed a six-headed hydra
 22146 | Lair:6   | Found a staircase to the Slime Pits.
 22302 | Lair:5   | Received a gift from Yredelemnul
 22739 | Lair:6   | Found a hole to the Spider Nest.
 22875 | Lair:6   | Noticed Snorg
 22882 | Lair:6   | Killed Snorg
 22882 | Lair:6   | Reached skill level 13 in Invocations
 23033 | Lair:6   | Reached skill level 10 in Armour
 23033 | Lair:6   | Received a gift from Yredelemnul
 23498 | Lair:6   | Received a gift from Yredelemnul
 24337 | Lair:6   | Reached skill level 5 in Evocations
 24515 | Lair:7   | Gained mutation: You are mostly covered in sharp spines. [demonic ancestry]
 24515 | Lair:7   | Reached XP level 13. HP: 68/99 MP: 29/29
 24976 | Lair:7   | Found a basalt altar of Yredelemnul.
 25314 | Lair:7   | Received a gift from Yredelemnul
 25493 | Lair:7   | Learned a level 1 spell: Summon Butterflies
 25498 | Lair:7   | Learned a level 2 spell: Blink
 25581 | Lair:7   | Reached skill level 1 in Spellcasting
 25597 | Lair:7   | Reached skill level 14 in Invocations
 25991 | Lair:7   | Reached skill level 1 in Summonings
 26611 | Lair:7   | Reached skill level 1 in Translocations
 26705 | Lair:8   | Entered Level 8 of the Lair of Beasts
 27005 | Lair:8   | Received a gift from Yredelemnul
 28814 | Lair:8   | Noticed a mottled draconian
 28814 | Lair:8   | a catoblepas changed into a mottled draconian
 28827 | Lair:8   | Killed a mottled draconian
 29061 | Lair:8   | Received a gift from Yredelemnul
 30341 | Lair:8   | Received a gift from Yredelemnul
 31656 | Lair:8   | Reached skill level 15 in Invocations
 31700 | Lair:8   | Gained mutation: You are completely covered in large bone plates (AC +4, SH +4). [demonic ancestry]
 31700 | Lair:8   | Reached XP level 14. HP: 95/108 MP: 31/31
 32332 | Lair:8   | Got a jewelled cloak
 32353 | Lair:8   | Identified the +1 cloak "Ituna" {Int+4} (You found it on level 8 of the Lair of Beasts)
 32611 | Lair:8   | Received a gift from Yredelemnul
 32959 | Shoals:1 | Entered Level 1 of the Shoals
 33587 | Shoals:1 | Found Loatika's Weapon Boutique.
 33615 | Shoals:1 | Received a gift from Yredelemnul
 34513 | Shoals:1 | Received a gift from Yredelemnul
 35015 | Shoals:1 | Identified the ring of Ublefius {rPois Str+3 Int+1} (You found it on level 2 of the Lair of Beasts)
 35880 | Shoals:1 | Reached skill level 16 in Invocations
 36788 | D:7      | Got a pair of faintly humming boots
 36794 | D:7      | Identified the +0 pair of boots of the Forest {Stlth+} (You found it on level 7 of the Dungeon)
 36938 | D:7      | Learned a level 3 spell: Mephitic Cloud
 37228 | D:10     | Entered Level 10 of the Dungeon
 37872 | D:10     | Reached skill level 10 in Fighting
 38048 | D:10     | Reached skill level 1 in Poison Magic
 38084 | D:10     | Received a gift from Yredelemnul
 38527 | D:10     | Found a white marble altar of Elyvilon.
 38816 | D:11     | Received a gift from Yredelemnul
 38957 | D:11     | Noticed Kite's ghost (powerful MiDK)
 38963 | D:11     | Killed Kite's ghost
 39634 | D:11     | Reached skill level 1 in Air Magic
 39710 | D:11     | Received a gift from Yredelemnul
 40804 | D:11     | Received a gift from Yredelemnul
 42516 | D:12     | Received a gift from Yredelemnul
 42623 | D:12     | Gained mutation: Your mind is acute. (Int +2) [potion of beneficial mutation]
 43534 | D:13     | Found Zuygevey's General Store.
 43544 | D:13     | Bought a scroll of enchant weapon for 127 gold pieces
 43544 | D:13     | Bought a scroll of fear for 59 gold pieces
 43582 | D:13     | Found Moum Att's Food Shop.
 43619 | D:13     | Bought a royal jelly for 20 gold pieces
 43619 | D:13     | Bought a bread ration for 50 gold pieces
 43619 | D:13     | Bought a bread ration for 50 gold pieces
 43619 | D:13     | Bought a beef jerky for 15 gold pieces
 43619 | D:13     | Bought a beef jerky for 15 gold pieces
 43619 | D:13     | Bought a bread ration for 50 gold pieces
 43619 | D:13     | Bought a bread ration for 50 gold pieces
 43619 | D:13     | Bought a meat ration for 50 gold pieces
 43660 | D:13     | Found Qirchazu's Antique Armour Emporium.
 43868 | D:13     | Received a gift from Yredelemnul
 43951 | D:13     | Found Xeffihuf's Food Shoppe.
 43969 | D:13     | Reached XP level 15. HP: 117/117 MP: 32/32
 44043 | D:13     | Found a gate to the Vaults.
 44386 | D:14     | Noticed Rupert
 44396 | D:14     | Killed Rupert
 44568 | D:13     | Bought a slice of pizza for 18 gold pieces
 44568 | D:13     | Bought a beef jerky for 18 gold pieces
 44568 | D:13     | Bought a bread ration for 60 gold pieces
 44568 | D:13     | Bought a beef jerky for 18 gold pieces
 44568 | D:13     | Bought a beef jerky for 18 gold pieces
 44568 | D:13     | Bought a bread ration for 60 gold pieces
 44568 | D:13     | Bought a bread ration for 60 gold pieces
 44568 | D:13     | Bought a bread ration for 60 gold pieces
 44568 | D:13     | Bought a bread ration for 60 gold pieces
 44762 | D:14     | Reached skill level 1 in Conjurations
 45183 | D:14     | Got a bloodstained flail
 45184 | D:14     | Identified the cursed +2 flail "Leplit" {venom, SInv} (You found it on level 14 of the Dungeon)
 46598 | D:14     | Received a gift from Yredelemnul
 46890 | D:15     | Entered Level 15 of the Dungeon
 47684 | D:15     | Found a staircase to the Depths.
 48006 | Depths:1 | Entered Level 1 of the Depths
 48029 | D:15     | Reached skill level 5 in Spellcasting
 48441 | D:15     | Received a gift from Yredelemnul
 48859 | Depths:1 | Reached skill level 5 in Poison Magic
 48910 | D:15     | HP: 4/119 [profane servitor/glowing whip[the player character] (12)]
 48912 | D:15     | Mangled by a profane servitor

Action                   |  1- 3 |  4- 6 |  7- 9 | 10-12 | 13-15 || total
-------------------------+-------+-------+-------+-------+-------++-------
Melee: Spear             |    82 |    86 |   329 |   694 |   655 ||  1846
       Demon trident     |       |       |       |       |   497 ||   497
 Fire: Hunting sling     |       |       |    12 |    26 |    37 ||    75
Throw: Javelin           |    58 |    70 |    49 |    27 |       ||   204
       Stone             |     8 |       |    15 |       |       ||    23
       Tomahawk          |       |       |    22 |    10 |    84 ||   116
 Cast: Blink             |       |       |       |       |     7 ||     7
       Summon Butterflie |       |       |       |       |     9 ||     9
       Mephitic Cloud    |       |       |       |       |    48 ||    48
Invok: Animate Remains   |    18 |    28 |       |       |       ||    46
       Recall Undead Sla |     1 |       |     3 |     5 |    20 ||    29
       Animate Dead      |       |     2 |    39 |   103 |   168 ||   312
       Injury Mirror     |       |       |     1 |       |     2 ||     3
       Drain Life        |       |       |       |    12 |     8 ||    20
       Enslave Soul      |       |       |       |       |     1 ||     1
Evoke: Wand              |       |       |    13 |    35 |    85 ||   133
       Fan of gales      |       |       |     2 |     1 |       ||     3
       Stone of tremors  |       |       |       |     1 |     3 ||     4
       Box of beasts     |       |       |       |       |     2 ||     2
  Use: Scroll            |     7 |     8 |     8 |     5 |    33 ||    61
       Potion            |       |     1 |     4 |    11 |    26 ||    42
 Stab: Distracted        |     1 |     1 |     3 |     7 |    13 ||    25
       Invisible         |       |       |       |       |     2 ||     2
       Sleeping          |       |       |       |       |     4 ||     4
       Confused          |       |       |       |       |     2 ||     2
  Eat: Fruit             |     3 |     9 |       |       |    19 ||    31
       Chunk             |     3 |     4 |     4 |     9 |     4 ||    24
       Pizza             |       |     1 |       |     1 |     2 ||     4
       Beef jerky        |       |     1 |     1 |     3 |     5 ||    10
       Bread ration      |       |       |     3 |     5 |    11 ||    19
       Meat ration       |       |       |     1 |     1 |     3 ||     5
       Royal jelly       |       |       |       |     1 |     3 ||     4
